 Dungeon Crawl Stone Soup version 0.32-a0-818-gb728d0252e (webtiles) character file.

Game seed: 6638590844173044908

288424 hikkokomori the Marksgoblin (level 20, -4/159 HPs)
             Began as a Coglin Hunter on Mar 23, 2024.
             Was a High Priest of Okawaru.
             Slain by a war gargoyle
             ... wielding a +3 dire flail of venom
             ... led by a peacekeeper
              (45 damage)
             ... on level 2 of the Vaults.
             The game lasted 01:56:53 (35762 turns).

hikkokomori the Marksgoblin (Coglin Hunter)        Turns: 35762, Time: 01:56:54

Health: -4/159     AC: 27    Str: 13    XL:     20   Next: 69%
Magic:  33/33      EV: 20    Int: 14    God:    Okawaru [*****.]
Gold:   1964       SH:  0    Dex: 27    Spells: 4/37 levels left

rFire   + . .        R - +3 hand cannon (drain) {Gabriela}
rCold   + + .        r - +7 sling "Boaqoicw" {speed, Int+5}
rNeg    . . .        a - +9 scale mail "Gaklyets" {+Blink Int-2 Dex+4 Slay+4}
rPois   +            C - +1 hat of Geraz {rC+ Will+}
rElec   .            h - scarf {repulsion}
rCorr   .            L - +2 pair of gloves {Stlth+}
SInv    .            J - +2 pair of boots {Fly}
Will    ++...        (amulet unavailable)
Stlth   ++++         (ring unavailable)
HPRegen 1.26/turn    (ring unavailable)
MPRegen 0.63/turn    U - pneumatic module {rC+ Regen+ RegenMP+ Slay+3}

%: repel missiles
@: lethally poisoned (-4 -> -14), heroic, fragile (+50% incoming damage),
flying, studying Hexes, revved
A: off-hand wielding, slow wielding, warmup strikes, no jewellery, fire
resistance 1, poison resistance
}: 2/15 runes: barnacled, gossamer
a: Renounce Religion, Evoke Blink, Heroism, Finesse, Duel


You were on level 2 of the Vaults.
You worshipped Okawaru.
Okawaru was extremely pleased with you.
You visited 8 branches of the dungeon, and saw 34 of its levels.
You also visited: Gauntlet.

You collected 3084 gold pieces.
You spent 1120 gold pieces at shops.

Inventory:

Hand Weapons
 r - the +7 sling "Boaqoicw" (offhand) {speed, Int+5}
   (You found it on level 3 of the Dungeon)

   Int+5:     It affects your intelligence (+5).
 R - a +3 hand cannon of draining (weapon) {Gabriela}
Missiles
 l - 28 javelins
 A - 11 darts of dispersal
 D - 3 throwing nets
 H - 18 silver javelins
 M - 24 atropa-tipped darts
Armour
 a - the +9 scale mail "Gaklyets" (worn) {+Blink Int-2 Dex+4 Slay+4}
   (You found it on level 13 of the Dungeon)

   Int-2:     It affects your intelligence (-2).
   Dex+4:     It affects your dexterity (+4).
   Slay+4:    It affects your accuracy & damage with ranged weapons and melee
   (+4).
   +Blink:    It lets you blink.
 h - a scarf of repulsion (worn)
 C - the +1 hat of Geraz (worn) {rC+ Will+}
   (You found it on level 4 of the Spider Nest)

   rC+:       It protects you from cold.
   Will+:     It increases your willpower.
 J - a +2 pair of boots of flying (worn)
 L - a +2 pair of gloves of stealth (worn)
 N - +2 swamp dragon scales
 Y - a +1 cloak of poison resistance
Magical Staves
 y - the staff "Rotsiw" {rElec rF+ Summ Air}
   (You found it in a Gauntlet)

   [staff of air]

   Base accuracy: +5 Base damage: 5 Base attack delay: 1.2 This weapon's minimum
   attack delay (0.6) is reached at skill level 12.
   rF+:       It protects you from fire.
   rElec:     It insulates you from electricity.
   Summ:      It increases the power of your Summonings spells.
   Air:       It increases the power of your Air spells.
   It falls into the 'Staves' category.
   It is a one-graspered weapon.
Gizmo
 U - a pneumatic module (installed) {rC+ Regen+ RegenMP+ Slay+3}
   (You invented it yourself on level 5 of the Lair of Beasts)

   [pneumatic module]

   Slay+3:    It affects your accuracy & damage with ranged weapons and melee
   (+3).
   rC+:       It protects you from cold.
   Regen+:    It increases your rate of health regeneration.
   RegenMP+:  It increases your rate of magic regeneration.
Wands
 c - a wand of iceblast (14)
 d - a wand of digging (6)
 K - a wand of flame (43)
 P - a wand of mindburst (5)
 W - a wand of acid (11)
Scrolls
 b - a scroll of enchant armour
 e - 5 scrolls of blinking
 j - 3 scrolls of brand weapon
 m - a scroll of poison
 n - 10 scrolls of teleportation
 s - 7 scrolls of noise
 x - 3 scrolls of fear
 z - 2 scrolls of amnesia
 B - a scroll of vulnerability
 E - a scroll of immolation
 I - 6 scrolls of fog
 Z - 5 scrolls of revelation
Potions
 f - 8 potions of mutation
 g - 6 potions of magic
 i - 3 potions of invisibility
 k - 5 potions of ambrosia
 o - 6 potions of brilliance
 p - 4 potions of attraction
 q - 5 potions of enlightenment
 t - 2 potions of berserk rage
 u - 3 potions of degeneration
 v - 3 potions of lignification
 w - a potion of might
 F - 8 potions of heal wounds
 G - 6 potions of curing
 Q - 4 potions of resistance
 T - 2 potions of haste
 V - 6 potions of cancellation
Miscellaneous
 O - a condenser vane
 S - a lightning rod (4/4)
 X - a phial of floods


   Skills:
 - Level 14.0(19.0) Fighting
 - Level 16.0(21.0) Ranged Weapons
 - Level 3.0(8.0) Throwing
 - Level 10.0(15.0) Armour
 - Level 10.0(15.0) Dodging
 - Level 2.0(7.0) Stealth
 - Level 9.0 Spellcasting
 - Level 10.0 Conjurations
 - Level 10.2 Hexes
 - Level 4.0 Fire Magic
 + Level 6.4 Ice Magic
 - Level 10.0 Air Magic
 - Level 7.0 Alchemy
 - Level 8.0 Invocations
 - Level 14.0 Evocations


You had 4 spell levels left.
You knew the following spells:

 Your Spells              Type           Power      Damage    Failure   Level
a - Metabolic Englaciati  Hex/Ice        14%        N/A       30%         5
b - Mephitic Cloud        Conj/Alch/Air  31%        N/A       2%          3
c - Dazzling Flash        Conj/Hex       68%        N/A       1%          3
d - Sigil of Binding      Hex            35%        N/A       1%          3
e - Silence               Hex/Air        17%        N/A       14%         5
f - Ignite Poison         Fire/Alch      21%        N/A       34%         4
g - Arcjolt               Conj/Air       17%        1d27      16%         5
h - Freezing Cloud        Conj/Ice/Air   15%        6-21      26%         5

Your spell library contained the following spells:

 Spells                   Type           Power      Damage    Failure   Level
 Foxfire                  Conj/Fire      100%       2x1d9     1%          1
 Slow                     Hex            100%       N/A       1%          1
 Sting                    Conj/Alch      100%       1d9       1%          1
 Ensorcelled Hibernation  Hex/Ice        58%        N/A       1%          2
 Mercury Vapours          Alch/Air       60%        N/A       1%          2
 Confusing Touch          Hex            35%        N/A       1%          3
 Hailstorm                Conj/Ice       29%        3d8       3%          3
 Cigotuvi's Dreadful Rot  Necr/Alch/Air  44%        N/A       4%          2
 Inner Flame              Hex/Fire       26%        N/A       5%          3
 Frozen Ramparts          Ice            48%        1d8       7%          3
 Ozocubu's Armour         Ice            24%        N/A       7%          3
 Scorch                   Fire           34%        2d6       10%         2
 Stone Arrow              Conj/Erth      40%        3d9       13%         3
 Flame Wave               Conj/Fire      25%        2d8       19%         4
 Apportation              Tloc           12%        N/A       32%         1
 Necrotise                Necr           24%        1d5       32%         1
 Sticky Flame             Fire/Alch      21%        2d6       34%         4
 Anguish                  Hex/Necr       10%        N/A       38%         4
 Iskenderun's Mystic Bla  Conj/Tloc      20%        2d6       38%         4
 Vhi's Electric Charge    Tloc/Air       40%        N/A       38%         4
 Volatile Blastmotes      Fire/Tloc      22%        2d11      41%         3
 Blink                    Tloc           12%        N/A       45%         2
 Lesser Beckoning         Tloc           12%        N/A       45%         2
 Gell's Gravitas          Tloc           6%         N/A       69%         3
 Passwall                 Erth           6%         N/A       69%         3
 Teleport Other           Tloc           6%         N/A       69%         3
 Vampiric Draining        Necr           6%         2d6       69%         3
 Dispel Undead            Necr           6%         3d8       97%         4
 Manifold Assault         Tloc           6%         N/A       97%         4
 Passage of Golubria      Tloc           6%         N/A       97%         4
 Eringya's Noxious Bog    Alch           12%        4d6       96%         6
 Plasma Beam              Fire/Air       12%        2x1d23    96%         6
 Starburst                Conj/Fire      12%        6d5       96%         6
 Orb of Destruction       Conj           17%        9d7       99%         7
 Curse of Agony           Necr           6%         N/A       100%        5
 Bombard                  Conj/Erth      10%        9d2       100%        6
 Dispersal                Tloc           3%         N/A       100%        6
 Permafrost Eruption      Ice/Erth       7%         2x4d3     100%        6
 Disjunction              Tloc           3%         N/A       100%        8
 Ignition                 Fire           8%         3d5       100%        8
 Lehudib's Crystal Spear  Conj/Erth      10%        10d4      100%        8
 Maxwell's Capacitive Co  Air            17%        ∞         100%        8
 Polar Vortex             Ice            12%        12d1*     100%        9
 Summon Ice Beast         Ice/Summ       Unusable   N/A       N/A         3
 Summon Small Mammal      Summ           Unusable   N/A       N/A         1
 Summon Blazeheart Golem  Fire/Summ      Unusable   N/A       N/A         4
 Animate Armour           Summ/Erth      Unusable   N/A       N/A         4
 Martyr's Knell           Necr/Summ      Unusable   N/A       N/A         4
 Sculpt Simulacrum        Ice/Alch       Unusable   N/A       N/A         6
 Summon Forest            Summ/Tloc      Unusable   N/A       N/A         5
 Death Channel            Necr           Unusable   N/A       N/A         6
 Summon Cactus Giant      Summ           Unusable   N/A       N/A         6
 Spellforged Servitor     Conj/Summ      Unusable   N/A       N/A         7
 Summon Hydra             Summ           Unusable   N/A       N/A         7

Dungeon Overview and Level Annotations

Branches:
Dungeon (15/15)            Temple (1/1) D:6            Lair (5/5) D:8
 Shoals (4/4) Lair:3       Spider (4/4) Lair:2        Slime (0/5) Lair:4
    Orc (2/2) D:11            Elf (1/3) Orc:2        Vaults (2/5) D:13
 Depths (0/4) D:15        Gauntlet (visited)
  Crypt: Vaults:2-3

Altars:
Ashenzari
Cheibriados
Dithmenos
Elyvilon
Fedhas
Gozag
Hepliaklqana
Kikubaaqudgha
Makhleb
Nemelex Xobeh
Okawaru
Qazlal
Ru
Sif Muna
Trog
Uskayaw
Vehumet
Wu Jian
Xom
Yredelemnul
Zin
The Shining One
Beogh
Jiyva

Shops:
D:15 ?   Orc:1 =   Orc:2 [?(?   Elf:1 =:==   Vaults:2 (

Portals:
Hell: Lair:5

Annotations:
Lair:3 3 runed translucent doors, gosagan's ghost, journeyman CoHu
Shoals:2 2 runed translucent doors, Ziod Jao's ghost, journeyman MeWn
Shoals:3 2 runed translucent doors, dcgchant's ghost, adept GnIE
Vaults:2 2 transporters, Zacay's ghost, adept HuEE


Innate Abilities, Weirdness & Mutations

You can wield a second weapon in your off-hand.
It takes a long time for you to wield or remove held weapons.
Your first few attacks do less damage.
You cannot equip rings or amulets.
Your flesh is heat resistant. (rF+)
Your system is resistant to poisons. (rPois)


Message History

The peacekeeper claws you but does no damage.
The war gargoyle misses you.
The peacekeeper attacks as it pursues you!
The peacekeeper closely misses you. The peacekeeper barely misses you. x2
The peacekeeper claws you but does no damage.
You shoot a slug.
The slug hits the peacekeeper but does no damage.
The peacekeeper is severely damaged.
You shoot a sling bullet.
The sling bullet hits the peacekeeper but does no damage.
The peacekeeper is severely damaged.
The war gargoyle barely misses you.
The peacekeeper bites you but does no damage.
The peacekeeper closely misses you.
The war gargoyle launches metal splinters at you.
The spray of metal splinters misses you.
You shoot a sling bullet. The sling bullet hits the peacekeeper!
The peacekeeper is severely damaged.
You shoot a slug. The slug hits the peacekeeper!
You destroy the peacekeeper!
Okawaru accepts your kill.
The war gargoyle launches metal splinters at you.
The spray of metal splinters is repelled.
You shoot a slug. The slug hits the war gargoyle!!
The war gargoyle is moderately damaged.
You shoot a sling bullet.
The sling bullet hits the war gargoyle but does no damage.
The war gargoyle is moderately damaged.
The war gargoyle no longer looks unusually strong.
The war gargoyle hits you with a +3 dire flail of venom!!
* * * LOW HITPOINT WARNING * * *
You are poisoned.
You shoot a slug.
The slug hits the war gargoyle but does no damage.
The war gargoyle is moderately damaged.
You shoot a sling bullet.
The sling bullet completely misses the war gargoyle.
You feel very sick.
The war gargoyle hits you with a +3 dire flail of venom!!
You die...

#######.#......#.# #.########.#
#..........# #..........#
#†.........# #..........#
#..........# #........°○#
#.........@# #######........9°# '
....................t..., #
........................, ##
..........######################.
..........#...............)....#'
..........#....................#.
..........#.......##...........#'
..........#......####....###.).'.


You could see a war gargoyle (catching breath).

Vanquished Creatures
  Arachne (Spider:4)
  Jorgrun (D:14)
  Mlioglotl (Spider:4)
  An acid blob (Spider:4)
  A titan (Shoals:1)
  A sphinx (Vaults:1)
  Polyphemus (Shoals:2)
  Frances (Shoals:1)
  Donald (Spider:4)
  Roxanne (Shoals:2)
  4 emperor scorpions
  A frost giant (Shoals:4)
  3 orc warlords (Vaults:2)
  5 ghost moths (Spider:4)
  3 vault wardens
  Louise (Shoals:1)
  A very ugly thing (D:14)
  4 ironbound preservers (Vaults:1)
  A formless jellyfish (Vaults:2)
  7 ironbound thunderhulks
  Nessos (Lair:4)
  A stone giant (Shoals:1)
  A minotaur (Gauntlet)
  9 dire elephants
  Snorg (D:11)
  6 spark wasps
  5 merfolk impalers (Shoals:4)
  An ettin (D:13)
  A crystal guardian (Vaults:2)
  5 merfolk javelineers
  4 great orbs of eyes
  2 yaktaur captains
  A peacekeeper (Vaults:2)
  5 vault guards (Vaults:2)
  8 entropy weavers
  3 ogre magi
  4 ironbound frosthearts
  5 hydras
  A rakshasa (D:13)
  4 catoblepae
  4 jorogumos
  4 radroaches
  Erica (D:9)
  An ice dragon (D:13)
  3 centaur warriors
  A merfolk aquamancer (Shoals:3)
  13 two-headed ogres
  5 dancing weapons
  3 boulder beetles
  2 alligator snapping turtles (Shoals:4)
  4 satyrs
  An occultist (Lair:5)
  6 demonic crawlers
  13 death yaks
  4 deep elf knights (Elf:1)
  4 skysharks
  9 pharaoh ants
  A sixfirhy (Lair:5)
  10 skeletal warriors
  A wretched star (Gauntlet)
  3 sun moths
  8 sea snakes
  A glowing orange brain (Vaults:2)
  A glowing orange brain (shapeshifter) (D:15)
  A phantasmal warrior (D:13)
  15 deep trolls
  5 ironbound convokers
  A necromancer (Gauntlet)
  24 harpies
  An arcanist (Vaults:1)
  5 deep elf zephyrmancers (Elf:1)
  7 lindwurms
  13 orb spiders
  11 deep elf archers (Elf:1)
  10 steelbarb worms
  25 fauns
  11 orc knights
  An oklob plant (Spider:4)
  22 wolf spiders
  8 ugly things
  18 manticores
  19 deep elf pyromancers
  Maurice (D:9)
  12 cyclopes
  A salamander (D:15)
  A meliai (shapeshifter) (Elf:1)
  2 black mambas
  10 elephants
  11 merfolk sirens
  4 moths of wrath
  9 meliai
  7 water nymphs
  A gargoyle (D:13)
  2 orange demons (Lair:5)
  2 vault sentinels
  Maggie (Lair:1)
  10 torpor snails
  An unseen horror (shapeshifter) (D:15)
  A smoke demon (Lair:5)
  2 large abominations (Gauntlet)
  8 cane toads
  3 kobold demonologists
  8 yaktaurs
  4 rime drakes
  Psyche (D:10)
  14 komodo dragons
  3 ice devils (Lair:5)
  17 trolls
  A polar bear (shapeshifter) (D:13)
  25 merfolk
  4 polar bears (Lair:4)
  A hornet (D:8)
  22 blink frogs
  37 tarantellas
  2 dream sheep (Lair:1)
  8 snapping turtles
  5 wind drakes
  36 jumping spiders
  2 spriggans (shapeshifter)
  14 water elementals
  24 culicivoras
  Sigmund (D:5)
  5 wyverns
  17 slime creatures
  A wraith (D:13)
  2 shadows
  39 yaks
  2 fire elementals (Elf:1)
  4 basilisks
  A yak (shapeshifter) (D:13)
  A warg (shapeshifter) (D:14)
  16 vampire mosquitoes
  2 steam dragons
  49 redbacks
  2 neqoxecs (Gauntlet)
  Edmund (D:5)
  7 acid dragons
  5 hell hounds (Lair:5)
  8 water moccasins
  An ice beast (D:6)
  3 sky beasts
  23 orc warriors
  A black bear (D:6)
  An ice beast (shapeshifter) (Elf:1)
  2 laughing skulls (D:14)
  22 ogres
  7 wolves
  4 centaurs
  2 phantoms
  4 kobold brigands
  13 bullfrogs
  A gnoll sergeant (D:10)
  4 scorpions
  2 earth elementals (Elf:1)
  6 small abominations (Gauntlet)
  3 wights
  4 killer bees (D:9)
  6 howler monkeys
  7 electric eels
  3 bombardier beetles
  5 jellies
  3 hounds
  20 orc priests
  2 iguanas (D:5)
  15 orc wizards
  11 gnolls
  4 adders
  2 shadow imps
  2 ufetubi (D:7)
  4 dart slugs
  2 ribbon worms
  60 orcs
  7 ball pythons
  12 endoplasms
  4 giant cockroaches
  3 goblins
  8 hobgoblins
  3 jackals (D:5)
  17 kobolds
  3 bats (D:1)
  2 frilled lizards
  7 rats
1203 creatures vanquished.

Vanquished Creatures (others)
  A redback (Spider:3)
  A gnoll (D:7)
2 creatures vanquished.

Grand Total: 1205 creatures vanquished

Notes
Turn   | Place    | Note
-------+----------+-------------------------------------------
     0 | D:1      | hikkokomori the Coglin Hunter began the quest for the Orb.
     0 | D:1      | Reached XP level 1. HP: 16/16 MP: 1/1
    64 | D:1      | Reached skill level 1 in Stealth
    73 | D:1      | Reached XP level 2. HP: 22/22 MP: 2/2
   186 | D:1      | Found a roughly hewn altar of Beogh.
   205 | D:1      | Found a faded altar of an unknown god.
   338 | D:1      | Reached XP level 3. HP: 28/28 MP: 3/3
   850 | D:2      | Reached skill level 4 in Ranged Weapons
   985 | D:2      | Reached XP level 4. HP: 34/34 MP: 4/4
  1541 | D:3      | Identified the +7 sling "Boaqoicw" {speed, Int+5}
  2028 | D:4      | Reached XP level 5. HP: 15/41 MP: 5/5
  2672 | D:5      | Entered Level 5 of the Dungeon
  2675 | D:5      | Found a sparkling altar of Nemelex Xobeh.
  2788 | D:5      | Reached XP level 6. HP: 48/48 MP: 6/6
  2866 | D:5      | Reached skill level 5 in Ranged Weapons
  3017 | D:4      | Found an ancient bone altar of Kikubaaqudgha.
  3017 | D:4      | Found a shimmering blue altar of Sif Muna.
  3017 | D:4      | Found a white marble altar of Elyvilon.
  3017 | D:4      | Found a basalt altar of Yredelemnul.
  3201 | D:5      | Noticed Edmund
  3210 | D:5      | Killed Edmund
  3319 | D:5      | Noticed Sigmund
  3327 | D:5      | Killed Sigmund
  3328 | D:5      | Reached skill level 5 in Fighting
  3328 | D:5      | Reached XP level 7. HP: 56/56 MP: 7/7
  3434 | D:5      | Reached skill level 6 in Ranged Weapons
  3626 | D:6      | Reached XP level 8. HP: 62/64 MP: 8/8
  3674 | D:6      | Reached skill level 7 in Ranged Weapons
  4261 | D:6      | Found a staircase to the Ecumenical Temple.
  4302 | Temple   | Entered the Ecumenical Temple
  4387 | Temple   | Became a worshipper of Warmaster Okawaru
  4394 | Temple   | Learned a level 5 spell: Metabolic Englaciation
  4651 | D:7      | Reached skill level 1 in Spellcasting
  4651 | D:7      | Reached skill level 1 in Invocations
  4651 | D:7      | Reached XP level 9. HP: 73/73 MP: 10/10
  4679 | D:7      | Noticed a komodo dragon
  4690 | D:7      | Killed a komodo dragon
  4694 | D:7      | Gained mutation: Your system is resistant to poisons.
                  | (rPois) [potion of mutation]
  4694 | D:7      | Gained mutation: Your flesh is heat resistant. (rF+)
                  | [potion of mutation]
  4929 | D:6      | Reached skill level 8 in Ranged Weapons
  4930 | D:6      | Reached * piety under Okawaru
  6027 | D:8      | Found a staircase to the Lair.
  6028 | D:8      | Noticed a hornet
  6037 | D:8      | Killed a hornet
  6037 | D:8      | Reached ** piety under Okawaru
  6250 | D:8      | Reached XP level 10. HP: 82/82 MP: 13/15
  7012 | D:9      | Noticed Erica
  7019 | D:9      | Killed Erica
  7019 | D:9      | Reached *** piety under Okawaru
  7020 | D:9      | Reached skill level 9 in Ranged Weapons
  7120 | D:9      | Noticed a deep elf pyromancer
  7124 | D:9      | Killed a deep elf pyromancer
  7328 | D:9      | Noticed a deep elf pyromancer
  7332 | D:9      | Noticed a deep elf pyromancer
  7339 | D:9      | Killed a deep elf pyromancer
  7339 | D:9      | Reached **** piety under Okawaru
  7390 | D:9      | Killed a deep elf pyromancer
  7391 | D:9      | Reached skill level 5 in Spellcasting
  7391 | D:9      | Reached skill level 5 in Invocations
  7391 | D:9      | Reached XP level 11. HP: 70/90 MP: 15/18
  7486 | D:9      | Noticed a deep elf pyromancer
  7493 | D:9      | Killed a deep elf pyromancer
  7493 | D:9      | Noticed a deep elf pyromancer
  7494 | D:9      | Reached skill level 10 in Fighting
  7512 | D:9      | Killed a deep elf pyromancer
  7628 | D:9      | Noticed a deep elf pyromancer
  7634 | D:9      | Killed a deep elf pyromancer
  7673 | D:9      | Learned a level 3 spell: Mephitic Cloud
  7816 | D:9      | Noticed Maurice
  7826 | D:9      | Killed Maurice
  7961 | D:9      | Found a shimmering blue altar of Sif Muna.
  8030 | D:10     | Entered Level 10 of the Dungeon
  8032 | D:10     | Noticed Psyche
  8039 | D:10     | Killed Psyche
  8061 | D:10     | Reached ***** piety under Okawaru
  8062 | D:10     | Reached skill level 1 in Alchemy
  8154 | D:10     | Reached skill level 1 in Hexes
  8346 | D:10     | Reached skill level 10 in Ranged Weapons
  8346 | D:10     | Reached skill level 1 in Conjurations
  9005 | D:11     | Identified the +12 whip "Raceplo" {freeze, Dex+3}
  9462 | D:11     | Received a gift from Okawaru
  9710 | D:11     | Noticed Snorg
  9724 | D:11     | Killed Snorg
  9725 | D:11     | Reached XP level 12. HP: 21/97 MP: 20/20
  9974 | D:11     | Found a staircase to the Orcish Mines.
 10293 | Lair:1   | Entered Level 1 of the Lair of Beasts
 10394 | Lair:1   | Received a gift from Okawaru
 10715 | Lair:1   | Found a sacrificial altar of Ru.
 10740 | Lair:1   | Noticed Maggie
 10750 | Lair:1   | Killed Maggie
 11299 | Lair:1   | Reached skill level 5 in Dodging
 11384 | Lair:1   | Reached skill level 5 in Alchemy
 11646 | Lair:2   | Found a hole to the Spider Nest.
 11677 | Lair:2   | Noticed a boulder beetle
 11931 | Lair:2   | Received a gift from Okawaru
 11978 | Lair:2   | Reached skill level 11 in Ranged Weapons
 12024 | Lair:2   | Killed a boulder beetle
 12421 | Lair:2   | Noticed a death yak
 12445 | Lair:2   | Noticed a death yak
 12446 | Lair:2   | Noticed a death yak
 12446 | Lair:2   | Noticed a death yak
 12448 | Lair:2   | Killed a death yak
 12449 | Lair:2   | Reached skill level 1 in Armour
 12449 | Lair:2   | Reached skill level 5 in Conjurations
 12449 | Lair:2   | Reached XP level 13. HP: 103/103 MP: 15/22
 12965 | Lair:3   | Reached skill level 5 in Hexes
 13203 | Lair:3   | Found a staircase to the Shoals.
 13237 | Lair:3   | Found a runed translucent gate.
 13238 | Lair:3   | Found a runed translucent gate.
 13239 | Lair:3   | Found a runed translucent gate.
 13342 | Lair:3   | Received a gift from Okawaru
 13949 | Lair:3   | Noticed gosagan's ghost (journeyman CoHu)
 14123 | Lair:4   | Found a viscous altar of Jiyva.
 14144 | Lair:4   | Found a staircase to the Slime Pits.
 14399 | Lair:4   | Reached skill level 12 in Ranged Weapons
 14513 | Lair:4   | Noticed Nessos
 14536 | Lair:4   | Reached ****** piety under Okawaru
 14536 | Lair:4   | Received a gift from Okawaru
 14537 | Lair:4   | Reached skill level 5 in Armour
 14690 | Lair:3   | Acquired a +1 hand cannon of draining
 14690 | Lair:3   | Received a gift from Okawaru
 14705 | Lair:3   | Identified a scroll of acquirement
 14741 | Lair:4   | Acquired a +2 pair of boots of flying
 14741 | Lair:4   | Received a gift from Okawaru
 14910 | Lair:4   | Killed Nessos
 15027 | Lair:4   | Reached skill level 1 in Evocations
 15238 | Lair:5   | Entered Level 5 of the Lair of Beasts
 15252 | Lair:5   | Reached skill level 1 in Air Magic
 15298 | Lair:5   | Received a gift from Okawaru
 15344 | Lair:5   | Reached XP level 14. HP: 81/111 MP: 20/23
 15344 | Lair:5   | Acquired a pneumatic module {rC+ Regen+ RegenMP+ Slay+3}
 15692 | Lair:5   | Noticed a dire elephant
 15704 | Lair:5   | Killed a dire elephant
 15828 | Lair:5   | Learned a level 3 spell: Dazzling Flash
 15832 | Lair:5   | Learned a level 3 spell: Sigil of Binding
 15838 | Lair:5   | Learned a level 5 spell: Silence
 15863 | Lair:5   | Received a gift from Okawaru
 16221 | Lair:5   | Reached skill level 5 in Evocations
 16255 | Lair:5   | Reached skill level 13 in Ranged Weapons
 16315 | Lair:5   | Found a burning altar of Makhleb.
 16321 | Lair:5   | Found a gateway to Hell.
 16405 | Lair:5   | Received a gift from Okawaru
 16521 | Lair:2   | Reached skill level 1 in Throwing
 16692 | D:12     | Found a gate leading to a gauntlet.
 16701 | Gauntlet | Entered a Gauntlet
 16701 | Gauntlet | Found a transporter.
 16701 | Gauntlet | Found a transporter.
 16716 | Gauntlet | Found a transporter.
 16721 | Gauntlet | Found a transporter.
 16733 | Gauntlet | Found a transporter.
 16747 | Gauntlet | Found a transporter.
 16761 | Gauntlet | Found a transporter.
 16781 | Gauntlet | Found a transporter.
 16782 | Gauntlet | Found a transporter.
 16790 | Gauntlet | Found a transporter.
 16794 | Gauntlet | Found a transporter.
 16908 | Gauntlet | Found a transporter.
 16935 | Gauntlet | Identified the staff "Rotsiw" {rElec rF+ Summ Air}
 17044 | Gauntlet | Identified the +9 long sword of Lonaaw {venom, rPois rC+++
                  | Will+ Str-2}
 17044 | Gauntlet | Identified the +10 chain mail of Lethargy {rF+ Regen+
                  | Str+2}
 17063 | Gauntlet | Reached skill level 5 in Air Magic
 17227 | Gauntlet | Identified the +0 leather armour of Integrity {Dex+3
                  | Stlth+}
 17228 | Gauntlet | Got the Incunabulum of Breccia and the Icicle
 17357 | D:12     | Received a gift from Okawaru
 17530 | D:12     | Reached XP level 15. HP: 118/118 MP: 24/24
 17530 | D:12     | Acquired a manual of Hexes
 17556 | Orc:1    | Entered Level 1 of the Orcish Mines
 17609 | Orc:1    | Found Leoshar's Jewellery Emporium.
 17672 | Orc:1    | Found a roughly hewn altar of Beogh.
 17852 | Orc:1    | You are sucked into a shaft and drop 1 floor!
 17852 | Orc:2    | Entered Level 2 of the Orcish Mines
 17882 | Orc:2    | Paralysed by something for 4 turns
 17985 | Orc:2    | Found Fymenymy's Magic Scroll Emporium.
 18007 | Orc:2    | Received a gift from Okawaru
 18099 | Orc:2    | Found Sobatrof's Magic Scroll Boutique.
 18104 | Orc:2    | Found Feqod's Armour Shoppe.
 18105 | Orc:2    | Found Dezih's Weapon Emporium.
 18333 | Orc:2    | Found a staircase to the Elven Halls.
 18667 | Orc:2    | Bought a scroll of teleportation for 39 gold pieces
 18667 | Orc:2    | Bought a scroll of teleportation for 39 gold pieces
 18667 | Orc:2    | Bought a scroll of fog for 52 gold pieces
 19054 | Spider:1 | Entered Level 1 of the Spider Nest
 19189 | Spider:1 | Received a gift from Okawaru
 19218 | Spider:1 | Reached skill level 10 in Evocations
 19479 | Spider:1 | Noticed an emperor scorpion
 19505 | Spider:1 | Killed an emperor scorpion
 19506 | Spider:1 | Received a gift from Okawaru
 19509 | Spider:1 | Reached skill level 14 in Ranged Weapons
 20576 | Spider:2 | Reached XP level 16. HP: 125/125 MP: 25/25
 20942 | Spider:3 | Received a gift from Okawaru
 21623 | Spider:3 | Received a gift from Okawaru
 21633 | Spider:3 | Reached skill level 10 in Hexes
 22962 | D:13     | Received a gift from Okawaru
 23011 | D:13     | Found a radiant altar of Vehumet.
 23082 | D:13     | Learned a level 4 spell: Ignite Poison
 23097 | D:13     | Identified the +9 scale mail "Gaklyets" {+Blink Int-2 Dex+4
                  | Slay+4}
 23333 | D:13     | Found a gate to the Vaults.
 23405 | D:13     | Reached skill level 1 in Fire Magic
 23527 | D:14     | Found a basalt altar of Yredelemnul.
 23662 | D:14     | Reached XP level 17. HP: 133/133 MP: 27/27
 23759 | D:14     | Noticed Jorgrun
 23769 | D:14     | Killed Jorgrun
 23769 | D:14     | Received a gift from Okawaru
 24466 | D:15     | Entered Level 15 of the Dungeon
 24497 | D:15     | Found a white marble altar of Elyvilon.
 24594 | D:15     | Received a gift from Okawaru
 24595 | D:15     | Reached skill level 15 in Ranged Weapons
 24598 | D:15     | Found a staircase to the Depths.
 24636 | D:15     | Found Geluopo's Magic Scroll Shoppe.
 24644 | D:15     | Bought a scroll of fog for 56 gold pieces
 24644 | D:15     | Bought a scroll of teleportation for 42 gold pieces
 24644 | D:15     | Bought a scroll of amnesia for 56 gold pieces
 24743 | D:15     | Identified the dragon-blood talisman of Hepliaklqana's Envy
                  | {Int+3 Slay+5}
 25301 | Elf:1    | Entered Level 1 of the Elven Halls
 25409 | Elf:1    | Identified the +1 scale mail "Appegani" {Dex+5}
 25488 | Elf:1    | Found Xuit's Jewellery Shoppe.
 25529 | Elf:1    | Found Rinwem Pidy's Jewellery Shop.
 25529 | Elf:1    | Found Raash's Book Shoppe.
 25533 | Elf:1    | Found Biecsaru's Jewellery Shop.
 25553 | Elf:1    | Bought the Octavo of Conduction for 836 gold pieces
 25559 | Elf:1    | Learned a level 5 spell: Arcjolt
 25570 | Elf:1    | Got Sif Muna's Commentary on Omens
 25872 | Elf:1    | Got the Quarto of the Displaced Serac
 26761 | Shoals:1 | Entered Level 1 of the Shoals
 26761 | Shoals:1 | Noticed Louise
 26769 | Shoals:1 | Killed Louise
 26781 | Shoals:1 | Noticed Frances
 26787 | Shoals:1 | Killed Frances
 26787 | Shoals:1 | Received a gift from Okawaru
 27042 | Shoals:1 | Identified the +10 flail of Chaos {holy, Will+ Stlth+}
 27245 | Shoals:1 | Reached XP level 18. HP: 142/142 MP: 28/28
 27504 | Shoals:1 | Noticed a titan
 27524 | Shoals:1 | Killed a titan
 27524 | Shoals:1 | Received a gift from Okawaru
 27993 | Shoals:2 | Noticed Polyphemus
 28024 | Shoals:2 | Killed Polyphemus
 28273 | Shoals:2 | Noticed Roxanne
 28285 | Shoals:2 | Killed Roxanne
 28291 | Shoals:2 | Received a gift from Okawaru
 28432 | Shoals:2 | Found a large runed translucent door.
 28432 | Shoals:2 | Found a large runed translucent door.
 28434 | Shoals:2 | Noticed Ziod Jao's ghost (journeyman MeWn)
 29124 | Shoals:3 | Found a large runed translucent door.
 29124 | Shoals:3 | Found a large runed translucent door.
 29332 | Shoals:3 | Noticed dcgchant's ghost (adept GnIE)
 29341 | Shoals:4 | Entered Level 4 of the Shoals
 29353 | Shoals:4 | Received a gift from Okawaru
 29455 | Shoals:4 | Identified the ring of Democracy {Wiz rElec rCorr Slay-6
                  | SInv}
 30257 | Shoals:4 | Received a gift from Okawaru
 30470 | Shoals:4 | Reached skill level 16 in Ranged Weapons
 30553 | Shoals:4 | Got a barnacled rune of Zot
 30627 | Shoals:4 | Reached XP level 19. HP: 151/151 MP: 29/29
 31420 | Spider:4 | Entered Level 4 of the Spider Nest
 31427 | Spider:4 | Noticed Mlioglotl
 31438 | Spider:4 | Killed Mlioglotl
 31534 | Spider:4 | Received a gift from Okawaru
 31535 | Spider:4 | Reached skill level 10 in Armour
 31993 | Spider:4 | Received a gift from Okawaru
 32360 | Spider:4 | Noticed Arachne
 32455 | Spider:4 | Noticed Donald
 32469 | Spider:4 | Killed Donald
 32476 | Spider:4 | Learned a level 5 spell: Freezing Cloud
 32483 | Spider:4 | Received a gift from Okawaru
 32554 | Spider:4 | Reached skill level 1 in Ice Magic
 32569 | Spider:4 | Killed Arachne
 32714 | Spider:4 | Identified the +1 hat of Geraz {rC+ Will+}
 32785 | Spider:4 | Got a gossamer rune of Zot
 33055 | Spider:4 | Identified the ring of Zacroemu {rF++ EV+5 Str-3}
 33356 | Vaults:1 | Entered Level 1 of the Vaults
 33683 | Vaults:1 | Received a gift from Okawaru
 33896 | Vaults:1 | Reached XP level 20. HP: 139/159 MP: 32/32
 34399 | Vaults:1 | Received a gift from Okawaru
 34542 | Vaults:1 | Reached skill level 10 in Dodging
 34803 | Vaults:2 | Found Kiomar's Weapon Boutique.
 34973 | Vaults:2 | Reached skill level 10 in Conjurations
 35150 | Vaults:2 | Paralysed by a formless jellyfish for 1 turns
 35285 | Vaults:2 | Reached skill level 5 in Ice Magic
 35293 | Vaults:2 | Received a gift from Okawaru
 35357 | Vaults:2 | Found a transporter.
 35363 | Vaults:2 | Found a transporter.
 35371 | Vaults:2 | Noticed Zacay's ghost (adept HuEE)
 35642 | Vaults:2 | Reached skill level 10 in Air Magic
 35762 | Vaults:2 | Slain by a war gargoyle

Illustrated notes

Levels and vault maps discovered:
D:1:      dpeg_arrival_lava_temple_mockup, layout_rooms, serial_curves,
          eino_curves_03, eino_curves_04,
          hellmonk_ecumenical_altar_defaced_shrine, minmay_heptomino_w4
D:2:      layout_loops_cross, roderic_lattice_a
D:3:      layout_rooms
D:4:      layout_basic, nicolae_overflow_hidden_temple,
          minmay_fractal_squares_gapless_5
D:5:      layout_loops_ring, kennysheep_little_box, sigmund_edmund_badplayer
D:6:      layout_basic, minmay_temple_entry_hall
D:7:      layout_cave_pools
D:8:      layout_loops_cross, dpeg_oklobed_lair
D:9:      layout_long_grid, serial_library, serial_library_hellmonk_statue_hall,
          serial_library_hellmonk_big_corner,
          serial_library_regret_index_double_sided,
          serial_library_hellmonk_junction, serial_library_hellmonk_hallway_b,
          serial_library_hellmonk_hallway_a, serial_library_hellmonk_h_bend,
          serial_library_hellmonk_metal_room,
          serial_library_hellmonk_narrow_alcove, chequers_avenue, uniq_maurice,
          uniq_erica
D:10:     layout_loops_corners, uniq_psyche
D:11:     layout_irregular_city, orc_0_dummy, uniq_snorg
D:12:     layout_roguey, gauntlet_entry_generic
D:13:     hellmonk_crumbling_castle, layout_cave_pools, david_vaults_4,
          nicolae_vehumet_altar_sigil
D:14:     layout_basic, yredelemnul_altar_generic,
          onia_ninara_dug_in_and_dangerous, uniq_jorgrun
D:15:     hangedman_depths_entry_try_elsewhere_first, layout_basic,
          minivault_24, serial_shops, nicolae_shop_statue_plus,
          chequers_serial_rivers_marsh, elyvilon_altar_1
Temple:   minmay_crystal_spiral_temple
Lair:1:   layout_regular_city, basic_altar, uniq_maggie
Lair:2:   layout_regular_city, nicolae_spider_entry_lesser_pyramids,
          minivault_27, nzn_sisyphean_effort
Lair:3:   layout_regular_city, shoals_dummy_entry, gammafunk_ghost_necromancy,
          chequers_serial_rivers_marsh
Lair:4:   layout_concentric_octagons, slime_entry_2, uniq_nessos
Lair:5:   evil_forest, layout_cave_shapes, dreamdust_mushroom_princess
Shoals:1: cheibrodos_shoals_gigantism, layout_shoals, uniq_frances, uniq_louise
Shoals:2: layout_shoals, ebering_ghost_disaster_area, uniq_polyphemus,
          uniq_roxanne
Shoals:3: layout_shoals, ebering_ghost_disaster_area, nicolae_shoals_loop_pool
Shoals:4: shoals_end_grunt_ice, layout_shoals
Spider:1: layout_spider_delve
Spider:2: layout_spider_delve
Spider:3: layout_spider_delve, drop_trap, hangedman_spider_tarantella_strand
Spider:4: johnstein_spider_rune_arachne_lair, nicolae_spider_acid_house,
          uniq_donald, uniq_mlioglotl
Orc:1:    nicolae_orc_accident_2, layout_diamond_mine, serial_shops,
          nicolae_shop_gaudy_bauble
Orc:2:    st_orc_open, layout_caves
Elf:1:    layout_gridlike, serial_shops, shop, nicolae_elf_shapeshifter_party,
          dreamdust_deal_with_the_devil, grunt_megastairs_1, minmay_shop_grove
Vaults:1: ontoclasm_vaults_bender, nicolae_vaults_cochlea, v_misc_4, v_misc_24,
          v_alt_pattern_1, v_misc_30, v_misc_15, v_alt_pattern_5,
          ontoclasm_vaults_eye, nicolae_vaults_wrenched,
          nicolae_vaults_tetromino_Z_1, hangedman_vaults_slice,
          nicolae_vaults_trapezoid_lopsided_1, layout_vaults_omnicross
Vaults:2: gammafunk_ghost_abyssal_escape,
          nicolae_vaults_taking_the_gang_shopping,
          nicolae_vaults_loss_of_containment, lightli_orcish_oven,
          nicolae_vaults_little_ls, nicolae_vaults_trapezoid_lopsided_4,
          nicolae_vaults_diamond_1, nicolae_vaults_more_shelving_1,
          nicolae_vaults_cochlea, nicolae_vaults_circle_grid_b,
          grunt_vaults_hallway_short, nicolae_vaults_house_2,
          layout_vaults_omnigrid, serial_shops, shop

Skill      XL: |  1  2  3  4  5  6  7  8  9 10 11 12 13 14 15 16 17 18 19 20 |
---------------+-------------------------------------------------------------+-----
Stealth        | 1 2 |  2.0
Dodging        | 2 4 5 6 8 9 10 | 10.0
Ranged Weapons | 4 5 6 7 8 9 10 11 12 13 14 15 16 | 16.0
Fighting       | 3 4 5 6 7 8 9 10 11 12 13 14 | 14.0
Spellcasting   | 1 3 5 6 7 8 9 |  9.0
Invocations    | 1 3 5 6 7 8 |  8.0
Alchemy        | 3 6 7 |  7.0
Hexes          | 3 4 5 8 10 | 10.2
Conjurations   | 3 5 7 9 10 | 10.0
Armour         | 1 6 7 8 9 10 | 10.0
Evocations     | 2 8 10 12 13 14 | 14.0
Air Magic      | 1 5 7 8 10 | 10.0
Throwing       | 3 |  3.0
Fire Magic     | 1 4 |  4.0
Ice Magic      | 2 6 |  6.4

Action                     |  1- 3 |  4- 6 |  7- 9 | 10-12 | 13-15 | 16-18 | 19-21 || total
---------------------------+-------+-------+-------+-------+-------+-------+-------++-------
   Fire: Sling             |   144 |   154 |   490 |  1164 |  1132 |  1146 |   648 ||  4878
         Hand cannon       |       |       |       |       |   708 |  1146 |   648 ||  2502
   Cast: Mephitic Cloud    |       |       |       |    13 |    30 |    19 |    18 ||    80
         Sigil of Binding  |       |       |       |       |     1 |       |     1 ||     2
         Silence           |       |       |       |       |       |       |     1 ||     1
 Invoke: Heroism           |       |       |       |     7 |     6 |     9 |    12 ||    34
         Receive Weapon    |       |       |       |       |     1 |       |       ||     1
         Receive Armour    |       |       |       |       |     1 |       |       ||     1
         Finesse           |       |       |       |       |       |     1 |     1 ||     2
Ability: Invent Gizmo      |       |       |       |       |     1 |       |       ||     1
         Evoke Blink       |       |       |       |       |       |       |     1 ||     1
  Evoke: Wand              |       |       |       |       |     2 |     1 |     4 ||     7
         Condenser vane    |       |       |       |       |     1 |     2 |     1 ||     4
    Use: Scroll            |       |       |    15 |    11 |    14 |     4 |    11 ||    55
         Potion            |       |       |     5 |     1 |     2 |     3 |     6 ||    17
 Armour: Leather armour    |     4 |     5 |       |       |       |       |       ||     9
         Robe              |       |       |    63 |    82 |       |       |       ||   145
         Swamp dragon scal |       |       |       |    28 |   326 |   219 |       ||   573
         Scale mail        |       |       |       |       |       |   448 |   400 ||   848
  Dodge: Dodged            |     3 |     3 |    40 |    90 |   268 |   407 |   279 ||  1090
         Repelled          |       |       |       |       |       |       |    16 ||    16

Table legend: (Time is in decaauts)
 A = Elapsed time spent in this place.
 B = Non-inter-level travel time spent in this place.
 C = Inter-level travel time spent in this place.
 D = Time resting spent in this place.
 E = Time spent auto-exploring this place.
 F = Levels seen in this place.
 G = Mean time per level.
                   A        B        C        D        E       F      G
               +--------+--------+--------+--------+--------+-----+--------+
         Total |  35513 |  32984 |   2529 |   2402 |  24258 |  35 | 1014.7 |
       Dungeon |  13929 |  12650 |   1279 |    728 |  10129 |  15 |  928.6 |
        Temple |    176 |      7 |    169 |      0 |      0 |   1 |  176.0 |
          Lair |   6389 |   5995 |    394 |    471 |   4350 |   5 | 1277.8 |
        Shoals |   4156 |   4011 |    145 |    319 |   2684 |   4 | 1039.0 |
   Spider Nest |   5167 |   4890 |    277 |    707 |   3114 |   4 | 1291.8 |
  Orcish Mines |   1417 |   1258 |    159 |     27 |    939 |   2 |  708.5 |
   Elven Halls |   1303 |   1234 |     69 |      0 |   1001 |   1 | 1303.0 |
        Vaults |   2391 |   2358 |     33 |      0 |   1892 |   2 | 1195.5 |
      Gauntlet |    581 |    581 |      0 |    150 |    149 |   1 |  581.0 |
               +--------+--------+--------+--------+--------+-----+--------+

Top non-repeatable levels by time:
Spider:4: 1651 daAuts
  Lair:1: 1621 daAuts
    D:11: 1502 daAuts
     D:9: 1491 daAuts
Spider:3: 1370 daAuts
     D:6: 1353 daAuts
  Lair:3: 1346 daAuts
Vaults:1: 1325 daAuts
   Elf:1: 1303 daAuts
Shoals:4: 1256 daAuts
  Lair:5: 1252 daAuts
  Lair:2: 1210 daAuts
    D:14: 1083 daAuts
Spider:1: 1073 daAuts
Spider:2: 1072 daAuts
